 Dungeon Crawl Stone Soup version 0.31-a0-868-g674d60d6f7 (webtiles) character file.

Game seed: 4928299785476970849

443 jasper the Gusty (level 6, -9/45 HPs)
             Began as a Draconian Air Elementalist on Oct 11, 2023.
             Killed by divine providence
             ... invoked by an orc priest
              (13 damage)
             ... on level 5 of the Dungeon.
             The game lasted 00:06:40 (4416 turns).

jasper the Gusty (Draconian Air Elementalist)       Turns: 4416, Time: 00:06:41

Health: -9/45      AC: 11    Str: 11    XL:     6   Next: 71%
Magic:  0/9        EV: 12    Int: 17    God:
Gold:   196        SH:  0    Dex: 11    Spells: 5/9 levels left

rFire   . . .        m - +1 flail (holy)
rCold   . . .        (no shield)
rNeg    . . .        (body armour unavailable)
rPois   .            (helmet restricted)
rElec   .            r - +2 cloak
rCorr   +            q - +1 pair of gloves
SInv    .            (no boots)
Will    .....        (no amulet)
Stlth   ++           e - ring of resist corrosion
HPRegen 0.27/turn    (no ring)
MPRegen 0.11/turn

%: no passive effects
@: no status effects
A: AC +6, unfitting armour, cold-blooded
a: no special abilities


You were on level 5 of the Dungeon.
You visited 2 branches of the dungeon, and saw 6 of its levels.

You collected 196 gold pieces.

Inventory:

Hand Weapons
 b - a +1 short sword
 m - a +1 flail of holy wrath (weapon)
Missiles
 c - 32 stones
 o - 7 boomerangs
 p - a throwing net
 x - 2 javelins
Armour
 d - a +1 pair of gloves
 q - a +1 pair of gloves (worn)
 r - a +2 cloak (worn)
Jewellery
 e - a ring of resist corrosion (left hand)
 u - an amulet of faith
Wands
 j - a wand of polymorph (9)
Scrolls
 a - 2 scrolls of identify
 n - a scroll of blinking {unknown}
 t - a scroll of immolation {unknown}
 v - a scroll of amnesia
 w - 3 scrolls of enchant weapon
Potions
 h - a potion of mutation {unknown}
 i - a potion of resistance
 l - a potion of attraction {unknown}
 s - a potion of lignification {unknown}


   Skills:
 - Level 1.7 Dodging
 - Level 1.7 Stealth
 - Level 2.0 Spellcasting
 + Level 4.9 Conjurations
 + Level 5.8 Air Magic


You had 5 spell levels left.
You knew the following spells:

 Your Spells              Type           Power      Damage    Failure   Level
a - Shock                 Conj/Air       80%        1d8       2%          1
b - Swiftness             Air            21%        N/A       5%          3

Your spell library contained the following spells:

 Spells                   Type           Power      Damage    Failure   Level
 Static Discharge         Conj/Air       40%        2-4/arc   3%          2
 Apportation              Tloc           2%         N/A       19%         1
 Freeze                   Ice            4%         1d3       19%         1
 Airstrike                Air            10%        2d(2-18)  19%         4
 Sublimation of Blood     Necr           1%         N/A       28%         2
 Wereblood                Tmut           1%         N/A       28%         2
 Summon Hydra             Summ           0%         N/A       100%        7


Dungeon Overview and Level Annotations

Branches:
Dungeon (5/15)             Temple (1/1) D:4

Altars:
Cheibriados
Dithmenos
Elyvilon
Gozag
Hepliaklqana
Kikubaaqudgha
Makhleb
Qazlal
Ru
Sif Muna
Trog
Uskayaw
Wu Jian
Xom
Yredelemnul
Zin
The Shining One

Annotations:
D:3 Ijyb
D:4 Duvessa, Eustachio


Innate Abilities, Weirdness & Mutations

Your plain brown scales are hard. (AC +6)
You cannot fit into any form of body armour.
You are cold-blooded and may be slowed by cold attacks.


Message History

Press: ? - help, Shift-Dir - straight line, f/p - ogre
Aim: an ogre (almost dead, 86% to hit)
The zap hits the ogre.
You kill the ogre!
The orc warrior returns to its original shape as it dies.
The orc priest misses you.
You now have 3/9 mp.
Casting: Shock (safe; 2% risk of failure)
Confirm with . or Enter, or press ? or * to list all spells.
Aiming: Shock (safe; 2% risk of failure)
Press: ? - help, Shift-Dir - straight line, f - orc priest
Aim: an orc priest, wielding a +0 mace and wearing a +0 ring mail (75% to hit)
The zap hits the orc priest.
The orc priest is lightly wounded.
The orc priest looks encouraged for a moment.
You now have 2/9 mp.
Casting: Shock (safe; 2% risk of failure)
Confirm with . or Enter, or press ? or * to list all spells.
Aiming: Shock (safe; 2% risk of failure)
Press: ? - help, Shift-Dir - straight line, f/p - orc priest
Aim: an orc priest, wielding a +0 mace and wearing a +0 ring mail (lightly wounded, 75% to hit)
The zap hits the orc priest.
The orc priest is moderately wounded.
The orc priest hits you with a +0 mace.
* * * LOW HITPOINT WARNING * * *
You take 2 damage, and have 3/45 hp.
You now have 1/9 mp.
Casting: Shock (safe; 2% risk of failure)
Confirm with . or Enter, or press ? or * to list all spells.
Aiming: Shock (safe; 2% risk of failure)
Press: ? - help, Shift-Dir - straight line, f/p - orc priest
Aim: an orc priest, wielding a +0 mace and wearing a +0 ring mail (moderately wounded, 75% to hit)
The zap hits the orc priest.
The orc priest is severely wounded.
The orc priest closely misses you.
You now have 0/9 mp.
You closely miss the orc priest.
The orc priest is severely wounded.
The orc priest invokes the aid of Beogh against you.
Beogh smites you!
You die...

+......... ##.......# .#
.........# #### .#####
.........# ##..# ......
.........###.._# #......
.........##....##.......
........##...###........
##.....##)..###.o†)....$
.#.....#...#∩#..@#......
.#........###...## .....
.........###...## ....
........##....## ...
.#########_).## .. .#
#..# . .# ### .# .###


You could see an orc priest.

Vanquished Creatures
  An ogre (D:5)
  Dowan (D:4)
  A hound (D:5)
  2 iguanas (D:3)
  2 orc wizards
  7 gnolls
  4 adders
  2 worms
  3 dart slugs
  6 orcs
  3 ball pythons
  6 endoplasms
  A giant cockroach (D:1)
  5 goblins
  5 hobgoblins
  7 kobolds
  A quokka (D:1)
  2 bats
  9 frilled lizards
  11 rats
79 creatures vanquished.

Notes
Turn   | Place    | Note
-------+----------+-------------------------------------------
     0 | D:1      | jasper the Draconian Air Elementalist began the quest for
                  | the Orb.
     0 | D:1      | Reached XP level 1. HP: 14/14 MP: 3/3
   291 | D:1      | Reached XP level 2. HP: 15/20 MP: 1/5
  1218 | D:2      | Reached XP level 3. HP: 26/26 MP: 2/6
  1228 | D:2      | Learned a level 3 spell: Swiftness
  1626 | D:2      | Reached skill level 4 in Air Magic
  1701 | D:2      | Reached XP level 4. HP: 33/33 MP: 2/7
  2589 | D:3      | Found an ancient bone altar of Kikubaaqudgha.
  2668 | D:3      | Reached XP level 5. HP: 37/38 MP: 3/8
  2838 | D:3      | Found a stormy altar of Qazlal.
  2838 | D:3      | Found a shadowy altar of Dithmenos.
  2959 | D:3      | Found a faded altar of an unknown god.
  2993 | D:3      | Found a hazy altar of Hepliaklqana.
  3096 | D:3      | Found a glowing silver altar of Zin.
  3163 | D:3      | Reached skill level 5 in Air Magic
  3328 | D:3      | Noticed Ijyb
  3486 | D:4      | Found a staircase to the Ecumenical Temple.
  3505 | Temple   | Entered the Ecumenical Temple
  3854 | D:4      | Noticed Dowan
  3859 | D:4      | Noticed Eustachio
  3913 | D:4      | Killed Dowan
  3914 | D:4      | Reached XP level 6. HP: 8/45 MP: 7/9
  4104 | D:4      | Noticed Duvessa
  4202 | D:5      | Entered Level 5 of the Dungeon
  4342 | D:5      | Found a shimmering blue altar of Sif Muna.
  4389 | D:5      | Got a sparkling book
  4396 | D:5      | Found a bloodstained altar of Trog.
  4400 | D:5      | Noticed an orc warrior
  4401 | D:5      | an orc warrior changed into an ogre
  4416 | D:5      | Killed from afar by an orc priest

Illustrated notes

Levels and vault maps discovered:
D:1:      psy_arrival_terrarium, layout_basic, hangedman_decor_opposing
D:2:      layout_loops_ring
D:3:      layout_rooms, nzn_hepliaklqana_mist_gate, zin_scriptorium,
          jmf_multi_god_temple, kiku_gazebo_pond_becter,
          dreamdust_ecumenical_altar_angels_and_demons, minmay_lizard_king,
          uniq_ijyb
D:4:      layout_loops_corners, minmay_temple_entry_large_hall, uniq_eustachio,
          uniq_duvessa
D:5:      layout_gridville, nzn_overflow_gifts_of_might_and_magic
Temple:   hellmonk_temple_micro_hex

Skill      XL: |  1  2  3  4  5 |
---------------+----------------+-----
Conjurations   | 2 3 4 |  4.9
Air Magic      | 4 5 |  5.8
Dodging        | |  1.7
Stealth        | |  1.7
Spellcasting   | |  2.0

Action                     |  1- 3 |  4- 6 || total
---------------------------+-------+-------++-------
  Melee: Short sword       |    27 |     2 ||    29
         Unarmed           |     7 |       ||     7
         Tailslap          |     4 |     5 ||     9
         Flail             |       |    29 ||    29
   Cast: Shock             |    72 |   111 ||   183
  Evoke: Wand              |       |     1 ||     1
    Use: Scroll            |     3 |     6 ||     9
         Potion            |       |     6 ||     6
 Armour: Skin              |    20 |    83 ||   103
  Dodge: Dodged            |    29 |    53 ||    82

Table legend: (Time is in decaauts)
 A = Elapsed time spent in this place.
 B = Non-inter-level travel time spent in this place.
 C = Inter-level travel time spent in this place.
 D = Time resting spent in this place.
 E = Time spent auto-exploring this place.
 F = Levels seen in this place.
 G = Mean time per level.
                   A        B        C        D        E       F      G
               +--------+--------+--------+--------+--------+-----+--------+
         Total |   4427 |   4311 |    116 |    409 |   3197 |   6 |  737.8 |
       Dungeon |   4425 |   4309 |    116 |    409 |   3197 |   5 |  885.0 |
        Temple |      1 |      1 |      0 |      0 |      0 |   1 |    1.0 |
               +--------+--------+--------+--------+--------+-----+--------+

Top non-repeatable levels by time:
     D:2: 1344 daAuts
     D:3: 1054 daAuts
     D:1: 1046 daAuts
     D:4: 764 daAuts
     D:5: 215 daAuts
  Temple: 1 daAuts
